 Dungeon Crawl Stone Soup version 0.25.0-11-g1f837a76a1 (console) character file.

Game seed: 1525280548752786113

75 bli the Insei (level 4, -1/22 HPs)
             Began as a Vine Stalker Transmuter on June 27, 2020.
             Killed from afar by Natasha (8 damage)
             ... with a puff of flame
             ... on level 2 of the Dungeon.
             The game lasted 00:04:06 (1578 turns).

bli the Insei (Vine Stalker Transmuter)             Turns: 1578, Time: 00:04:06

Health: -1/22      AC:  4    Str: 12    XL:     4   Next: 31%
Magic:  0/9        EV: 12    Int: 20    God:
Gold:   107        SH:  0    Dex: 15    Spells: 7/8 levels left

rFire    . . .     SeeInvis .     - Unarmed
rCold    . . .     Gourm    .   (no shield)
rNeg     . . .     Faith    .   c - +0 leather armour
rPois    .         Spirit   +   (no helmet)
rElec    .         Reflect  .   (no cloak)
rCorr    .         Harm     .   p - +0 pair of gloves
MR       .....                  (boots currently unavailable)
Stlth    +.........             (no amulet)
HPRegen  0.47/turn              l - +6 ring of intelligence
MPRegen  0.11/turn              (no ring)

@: appendage, slowed, very slow
A: fangs 2, talons 3, regeneration 1, magic shield, antimagic bite, no potion
heal 3, rot immunity
a: End Transformation


You were on level 2 of the Dungeon.
You were not hungry.
You had grown temporary talons.
You visited 1 branch of the dungeon, and saw 2 of its levels.

You collected 107 gold pieces.

Inventory:

Hand Weapons
 b - a +0 hunting sling of flaming
Missiles
 a - 12 arrows
 f - 85 stones (quivered)
 j - 18 sling bullets
 v - 2 silver javelins
Armour
 c - a +0 leather armour (worn)
 i - a +0 scale mail
 p - a +0 pair of gloves (worn)
 r - a +0 robe
 u - a +0 ring mail
Jewellery
 l - a +6 ring of intelligence (left hand)
Scrolls
 e - a scroll of blinking {unknown}
 g - 3 scrolls of identify {unknown}
 o - a scroll of magic mapping {unknown}
 t - 2 scrolls of teleportation {unknown}
Potions
 k - a potion of curing {unknown}
 m - a potion of stabbing {unknown}
 n - a potion of might {unknown}
 q - 2 potions of heal wounds {unknown}
 s - a potion of brilliance {unknown}
Comestibles
 d - 3 rations
 h - a chunk of flesh


   Skills:
 * Level 1.6 Fighting
 + Level 0.7 Armour
 + Level 1.9 Dodging
 + Level 3.8 Unarmed Combat
 + Level 2.8 Spellcasting
 - Level 2.0 Transmutations


You had 7 spell levels left.
You knew the following spells:

 Your Spells              Type           Power        Failure   Level  Hunger
a - Beastly Appendage     Tmut           ##....       9%          1    None

Your spell library contained the following spells:

 Spells                   Type           Power        Failure   Level  Hunger
 Sticks to Snakes         Tmut           ##......     12%         2    ##.....
 Spider Form              Tmut/Pois      #.........   36%         3    ###....
 Ice Form                 Ice/Tmut       #.......     77%         4    ####...
 Blade Hands              Tmut           ##........   92%         5    ######.


Dungeon Overview and Level Annotations

Branches:
Dungeon (2/15)

Altars:

Annotations:
D:2 Natasha


Innate Abilities, Weirdness & Mutations

You have extremely sharp teeth.
Your natural rate of healing is unusually fast.
When hurt, damage is shared between your health and your magic reserves.
Your bite disrupts and absorbs the magic of your enemies.
Potions cannot restore your health.
You are immune to rotting.
You have claws for feet.


Message History

Natasha is lightly wounded.
Natasha claws you. x2
You closely miss Natasha. Your kick misses Natasha. You bite Natasha.
Natasha's magic leaks into the air.
You drain her magic.
You feel invigorated.
Natasha is moderately wounded.
Natasha zaps a wand.
The puff of flame hits you.
You hit Natasha but do no damage. You claw Natasha.
Natasha is moderately wounded.
Natasha zaps a wand.
The puff of flame misses you.
You completely miss Natasha. Your kick misses Natasha.
Natasha is moderately wounded.
Natasha closely misses you. Natasha claws you.
You hit Natasha.
Natasha is moderately wounded.
Natasha hisses.
Natasha barely misses you.
You miss Natasha. You claw Natasha, but do no damage. Your bite misses Natasha.
Natasha is moderately wounded.
Natasha claws you!
Natasha zaps a wand.
The puff of flame hits you!
You die...

#.#.#
#.#.#
#.#.#
#.#.# #.#
#.#.# #.#
#.#.# #.#
#.#.#
###.#
..#.#
...#
.##.# ..#
....# #h#
.####
##@## .#
#...# .##
#.#.# ..#
#...# ..#
##.## ..#
#.### ..#
#...#
..######.
###.#
.........
#.#
#.######
#.# #.#
#.#


You could see Natasha.

Vanquished Creatures
  Natasha (D:2)
  An adder (D:2)
  A dart slug (D:1)
  A leopard gecko (D:2)
  A ball python (D:2)
  6 goblins
  8 hobgoblins
  2 jackals (D:1)
  A quokka (D:2)
  3 bats (D:2)
  4 frilled lizards
  5 kobolds
  5 rats
39 creatures vanquished.

Notes
Turn   | Place    | Note
-------+----------+-------------------------------------------
     0 | D:1      | bli the Vine Stalker Transmuter began the quest for the
                  | Orb.
     0 | D:1      | Reached XP level 1. HP: 9/9 MP: 4/4
   113 | D:1      | Reached skill level 1 in Fighting
   188 | D:1      | Reached XP level 2. HP: 14/14 MP: 4/6
   881 | D:2      | Reached XP level 3. HP: 9/18 MP: 8/8
  1532 | D:2      | Noticed Natasha
  1539 | D:2      | Killed Natasha
  1539 | D:2      | Gained mutation: Your natural rate of healing is unusually
                  | fast. [Vine Stalker growth]
  1539 | D:2      | Reached XP level 4. HP: 20/22 MP: 7/9
  1568 | D:2      | Noticed Natasha
  1578 | D:2      | Killed from afar by Natasha

Illustrated notes

Levels and vault maps discovered:
D:1:      dpeg_arrival_circle_labyrinth_a, layout_basic
D:2:      layout_loops_ring, uniq_natasha, uniq_robin

Skill      XL: |  1 |
---------------+----+-----
Fighting       | 1 |  1.6
Armour         | |  0.7
Dodging        | |  1.9
Unarmed Combat | |  3.8
Spellcasting   | |  2.8
Transmutations | |  2.0

Action                   |  1- 3 |  4- 6 || total
-------------------------+-------+-------++-------
Melee: Unarmed           |   106 |     6 ||   112
       Headbutt          |     5 |       ||     5
       Bite              |    18 |     1 ||    19
       Kick              |     6 |     3 ||     9
       Punch             |     2 |       ||     2
Throw: Stone             |     3 |       ||     3
 Cast: Beastly Appendage |    12 |     1 ||    13
  Eat: Chunk             |     2 |       ||     2
Armor: Leather armour    |    18 |       ||    18
Dodge: Dodged            |    59 |     4 ||    63
